AoeStats
← 545434

Golden Pit

510040068Analyzed
1v1 RM · 2d ago on Sep 29, 2026· 32m 33s· 2 players
Game mode
Random Map
Map size
Tiny (2 player)
Population
200
Speed
Normal
Resources
Standard
Victory
Conquest
Starting age
Dark Age
Ending age
Imperial Age
RankedLock teamsTeams togetherTeam positionsShared explorationLock speedFull tech treeHidden civsTurbo modeCheats
Victory
Defeat
🇹🇼 Saxons · Taiwan
933
+16
🇨🇦 Spanish · Canada
941
-16
99KaiKai
9:40 Loom
11:44 Feudal Age
12:37 Double-Bit Axe
15:28 Castle Age
13:36 Horse Collar
15:05 Town Watch
15:58 Wheelbarrow
17:14 Bow Saw
18:00 Fletching
19:43 Scale Mail Armor
20:55 Chain Mail Armor
21:18 Forging
26:31 Squires
27:01 Arson
545434
8:48 Loom
10:55 Feudal Age
15:07 Castle Age
14:51 Double-Bit Axe
14:50 Horse Collar
33:16 Imperial Age
Connection lost

Rejoining the realm…

Still unreachable

The connection could not be restored.

Session expired

The server has moved on; the page needs a fresh start.